 Dungeon Crawl Stone Soup version 0.23.2 (webtiles) character file.

Game seed: 983855228006969650

79 OdinFK the Gusty (level 4, -4/24 HPs)
             Began as a Tengu Air Elementalist on Apr 8, 2019.
             Killed from afar by an orc wizard (9 damage)
             ... with a puff of flame
             ... on level 3 of the Dungeon.
             The game lasted 00:09:26 (1798 turns).

OdinFK the Gusty (Tengu Air Elementalist)           Turns: 1798, Time: 00:09:27

Health: -4/24      AC:  4    Str:  8    XL:     4   Next: 38%
Magic:  0/9        EV: 28    Int: 17    God:
Gold:   159        SH:  0    Dex: 20    Spells: 1/8 levels left

rFire    . . .     SeeInvis .   e - +0 dagger
rCold    . . .     Gourm    .   (no shield)
rNeg     . . .     Faith    .   a - +0 robe
rPois    .         Spirit   .   (helmet restricted)
rElec    .         Reflect  .   j - +1 cloak
rCorr    .         Harm     .   (no gloves)
MR       .....                  (boots unavailable)
Stlth    ++........             m - amulet of the acrobat
HPRegen  0.08/turn              d - +6 ring of dexterity
MPRegen  0.11/turn              (no ring)

@: acrobat, very slightly contaminated
A: beak, talons 3
a: no special abilities


You were on level 3 of the Dungeon.
You were not hungry.

You visited 1 branch of the dungeon, and saw 3 of its levels.

You collected 159 gold pieces.

Inventory:

Hand Weapons
 e - a +0 dagger (weapon)
Armour
 a - a +0 robe (worn)
 j - a +1 cloak (worn)
Jewellery
 d - a +6 ring of dexterity (left hand)
 m - an amulet of the acrobat (around neck)
Scrolls
 f - a scroll of enchant armour {unknown}
 g - a scroll of fog {unknown}
 h - a scroll of noise {unknown}
 i - a scroll of enchant weapon {unknown}
 n - 2 scrolls of identify {unknown}
Potions
 b - a potion of haste {unknown}
 k - a potion of cancellation {unknown}
 l - a potion of heal wounds {unknown}
 o - a potion of brilliance {unknown}
Comestibles
 c - 4 rations


   Skills:
 + Level 0.1 Short Blades
 + Level 2.4 Dodging
 - Level 2.0 Stealth
 * Level 2.7 Spellcasting
 + Level 3.3 Conjurations
 + Level 5.0 Air Magic


You had one spell level left.
You knew the following spells:

 Your Spells              Type           Power        Failure   Level  Hunger
a - Shock                 Conj/Air       ###.         3%          1    #......
b - Swiftness             Chrm/Air       ##......     10%         2    ##.....
c - Airstrike             Air            ###.......   22%         4    #####..

Your spell library contained the following spells:

 Spells                   Type           Power        Failure   Level  Hunger
 Static Discharge         Conj/Air       ###.....     10%         3    ###....
 Lightning Bolt           Conj/Air       ###.......   65%         5    ######.


Dungeon Overview and Level Annotations

Branches:
Dungeon (3/15)

Altars:
Ashenzari
Cheibriados
Fedhas
Kikubaaqudgha
Uskayaw
Yredelemnul


Innate Abilities, Weirdness & Mutations

You have a beak for a mouth.
You have claws for feet.


Message History

An orc priest comes into view. It is wielding a +0 dagger.
The orc wizard miscasts a cantrip.
A goblin comes into view. It is wielding a +0 club.
Casting: Shock (safe; 3% risk of failure)
Confirm with . or Enter, or press ? or * to list all spells.
Aiming: Airstrike (slightly dangerous; 22% risk of failure)
Press: ? - help, Dir - move target cursor, f/p - orc wizard
Aim: an orc wizard, wielding a +0 dagger and wearing a +0 robe (severely wounded)
You miscast Airstrike.
Ouch! You feel a sudden electric shock.
The orc priest shouts!
The goblin shouts!
The orc wizard barely misses you. The orc wizard casts a spell at you.
The magic dart hits you.
The orc priest mumbles some strange prayers to Beogh against you.
Beogh smites you!
Ouch! That really hurt!
* * * LOW HITPOINT WARNING * * *
The orc wizard points at you and mumbles some strange words.
The puff of flame hits you!
You die...

########## #........#
##########
#.######.###........#
#...##..............#
#...##.#.###........#
#...##.#.# #........#
#...##.#.# #........#
.......#.#####'###########
.........#(.....@..o..)g..
..<.######.###.###.....o..
...........###.# #........
#.#............. +........
..........†##### #........
...>............ .$.$.....
#...#.##...##### #########
#...#.##...# ..........##


You could see an orc priest, an orc wizard and a goblin.

Vanquished Creatures
  An adder (D:2)
  A worm (D:2)
  2 dart slugs
  2 leopard geckos
  An orc (D:3)
  A giant cockroach (D:2)
  5 goblins
  6 hobgoblins
  16 jackals
  A quokka (D:2)
  5 bats
  4 frilled lizards
  5 kobolds
  4 rats
54 creatures vanquished.

Notes
Turn   | Place    | Note
-------+----------+-------------------------------------------
     0 | D:1      | OdinFK the Tengu Air Elementalist began the quest for the
                  | Orb.
     0 | D:1      | Reached XP level 1. HP: 10/10 MP: 4/4
    56 | D:1      | Found a shattered altar of Ashenzari.
   161 | D:1      | Reached XP level 2. HP: 15/15 MP: 4/6
   165 | D:1      | Learned a level 2 spell: Swiftness
   576 | D:1      | Reached XP level 3. HP: 19/19 MP: 0/7
   914 | D:2      | Found a hide-covered altar of Uskayaw.
   914 | D:2      | Found a snail-covered altar of Cheibriados.
   916 | D:2      | Found an ancient bone altar of Kikubaaqudgha.
   916 | D:2      | Found a basalt altar of Yredelemnul.
   917 | D:2      | Found a shattered altar of Ashenzari.
  1053 | D:2      | Found a blossoming altar of Fedhas.
  1169 | D:2      | Noticed a sky beast
  1306 | D:2      | Reached XP level 4. HP: 24/24 MP: 8/8
  1312 | D:2      | Learned a level 4 spell: Airstrike
  1573 | D:2      | Reached skill level 5 in Air Magic
  1798 | D:3      | Killed from afar by an orc wizard

Skill      XL: |  1  2  3  4 |
---------------+-------------+-----
Conjurations   | 2 3 |  3.3
Air Magic      | 5 |  5.0
Short Blades   | |  0.1
Dodging        | |  2.4
Stealth        | |  2.0
Spellcasting   | |  2.7

Action                   |  1- 3 |  4- 6 || total
-------------------------+-------+-------++-------
Melee: Dagger            |    29 |    10 ||    39
       Kick              |     6 |     5 ||    11
       Peck              |     4 |     1 ||     5
 Cast: Shock             |    70 |    21 ||    91
       Airstrike         |       |     1 ||     1
 Stab: Sleeping          |     2 |     1 ||     3
  Eat: Chunk             |     2 |     2 ||     4
Armor: Robe              |    13 |     2 ||    15
Dodge: Dodged            |    37 |     8 ||    45
